 Dungeon Crawl Stone Soup version 0.30-a0-802-gb92711bcdf (webtiles) character file.

Game seed: 18308048396247808957

17593 Iich the Severer (level 12, 0/117 HPs)
             Began as a Hill Orc Fighter on Feb 24, 2023.
             Was an Initiate of Gozag.
             Slain by a komodo dragon (22 damage)
             ... on level 1 of the Lair of Beasts.
             The game lasted 00:19:10 (13737 turns).

Iich the Severer (Hill Orc Fighter)                Turns: 13737, Time: 00:19:11

Health: 0/117      AC: 19    Str: 19    XL:     12   Next: 49%
Magic:  12/12      EV:  7    Int:  7    God:    Gozag
Gold:   1505       SH:  6    Dex: 18    Spells: 11/11 levels left

rFire   + . .      SeeInvis .    a - +0 war axe
rCold   + . .      Faith    .    c - +1 buckler
rNeg    . . .      Spirit   .    J - +3 chain mail {rC+}
rPois   .          Reflect  .    (helmet restricted)
rElec   .          Harm     .    (no cloak)
rCorr   .          Rampage  .    (no gloves)
Will    .....                    p - +2 pair of boots Stlth
                                 (no amulet)
HPRegen 0.39/turn                q - ring of protection from fire
MPRegen 0.13/turn                h - +4 ring of protection

@: gold aura
A: horns 1, agile 1, screaming 1
a: Renounce Religion, Potion Petition, Call Merchant, Bribe Branch


You were on level 1 of the Lair of Beasts.
You worshipped Gozag.
Gozag was most pleased with you.
You visited 2 branches of the dungeon, and saw 12 of its levels.
You also visited: Ossuary.

You collected 3071 gold pieces.
You paid 1566 gold pieces to Gozag.

Inventory:

Hand Weapons
 a - a +0 war axe (weapon)
Missiles
 d - a curare-tipped dart (quivered)
 t - a throwing net
Armour
 c - a +1 buckler (worn)
 p - a +2 pair of boots (worn)
 J - a +3 chain mail of cold resistance (worn)
 Q - a +0 plate armour
Jewellery
 h - a +4 ring of protection (right hand)
 q - a ring of protection from fire (left hand)
 v - a ring of willpower
 U - a +6 ring of intelligence
Wands
 r - a wand of charming (19)
 s - a wand of flame (14)
 u - a wand of quicksilver (15)
 I - a wand of digging (6)
 N - a wand of mindburst (20)
 P - a wand of roots (8)
Scrolls
 b - a scroll of enchant armour
 e - 4 scrolls of teleportation
 f - a scroll of torment
 g - 3 scrolls of blinking
 k - 3 scrolls of fear
 l - a scroll of vulnerability
 n - a scroll of butterflies
 o - a scroll of enchant weapon
 x - a scroll of immolation
 y - 2 scrolls of magic mapping
 H - 2 scrolls of fog
 K - a scroll of silence
 R - a scroll of noise
 S - a scroll of poison
Potions
 i - 5 potions of curing
 j - 2 potions of heal wounds
 m - 2 potions of invisibility
 w - a potion of cancellation
 z - a potion of haste
 A - a potion of ambrosia {unknown}
 B - a potion of resistance {unknown}
 C - 5 potions of mutation
 D - a potion of berserk rage
 E - a potion of degeneration
 F - a potion of magic {unknown}
 G - 3 potions of flight
 L - a potion of attraction
 M - a potion of might
 O - a potion of lignification


   Skills:
 + Level 14.2 Fighting
 * Level 20.7 Axes
 - Level 3.2 Armour
 - Level 3.2 Shields


You had 11 spell levels left.
You didn't know any spells.
Your spell library contained the following spells:

 Spells                   Type           Power      Damage    Failure   Level
 Magic Dart               Conj           0%         1d3       100%        1
 Searing Ray              Conj           0%         2d4       100%        2
 Inner Flame              Hex/Fire       0%         N/A       100%        3
 Portal Projectile        Hex/Tloc       0%         N/A       100%        3
 Tukima's Dance           Hex            0%         N/A       100%        3
 Cause Fear               Hex            0%         N/A       100%        4
 Fulminant Prism          Conj/Hex       0%         3d5       100%        4
 Summon Ice Beast         Ice/Summ       0%         N/A       100%        4
 Blade Hands              Tmut           0%         N/A       100%        5
 Summon Mana Viper        Hex/Summ       0%         N/A       100%        5
 Yara's Violent Unravell  Hex/Tmut       0%         3d3       100%        5
 Enfeeble                 Hex            0%         N/A       100%        7
 Monstrous Menagerie      Summ           0%         N/A       100%        7
 Discord                  Hex            0%         N/A       100%        8


Dungeon Overview and Level Annotations

Branches:
Dungeon (11/15)            Temple (0/1) D:5            Lair (1/5) D:11
    Orc (0/2) D:11        Ossuary (visited)

Altars:
Ashenzari
Dithmenos
Elyvilon
Gozag
Kikubaaqudgha
Nemelex Xobeh
Okawaru
Ru
Sif Muna
Trog
Uskayaw
Vehumet
Yredelemnul

Shops:
D:7 (

Annotations:
Lair:1 Maggie


Innate Abilities, Weirdness & Mutations

You have a pair of small horns on your head.
You are agile. (Dex +4, Str/Int -1)
You occasionally shout uncontrollably at your foes.


Message History

The black mamba poisons you!
You hit the black mamba.
The black mamba is severely wounded.
You hit the komodo dragon.
You feel very sick.
The black mamba bites you but does no damage.
The komodo dragon closely misses you.
You hit the black mamba. You headbutt the black mamba.
You kill the black mamba!
You hit the komodo dragon but do no damage.
You feel very sick. The komodo dragon barely misses you.
You slash the komodo dragon!
The komodo dragon is moderately wounded.
You feel very sick.
You hit the komodo dragon. Your headbutt misses the komodo dragon.
The komodo dragon is heavily wounded.
You feel very sick.
The komodo dragon bites you but does no damage.
You closely miss the komodo dragon.
The komodo dragon is heavily wounded.
You feel very sick.
The komodo dragon bites you but does no damage.
You hit the komodo dragon. You headbutt the komodo dragon!
The komodo dragon is severely wounded.
You feel very sick. The komodo dragon barely misses you.
You hit the komodo dragon. Your headbutt misses the komodo dragon.
The komodo dragon is severely wounded.
You feel sick.
Maggie the Vainglorious comes into view.
She is wielding a +0 halberd and carrying a wand of quicksilver (6).
You feel better.
Maggie shouts!
You block the komodo dragon's attack.
Maggie zaps a wand.
The bolt of dispelling energy hits you but does no damage.
You barely miss the komodo dragon. You headbutt the komodo dragon.
The komodo dragon is almost dead.
The komodo dragon bites you!!
You die...
Your body crumbles into a pile of gold.

##.........##
#..........#
#..#.......##
#..##.......# #
#...........#.#.
#P..............
##.............@
##.............
#P....@$......
##.....l......
##...##......
##.## ...... ###
..... ?.... #...
...


You could see Maggie and a komodo dragon.

Vanquished Creatures
  Erica (Lair:1)
  3 two-headed ogres (D:10)
  Urug (Lair:1)
  Pikel (D:6)
  An ugly thing (D:11)
  A cyclops (D:11)
  Joseph (D:10)
  A black mamba (Lair:1)
  A gargoyle (D:11)
  2 cane toads (Lair:1)
  2 rime drakes
  3 kobold demonologists (D:11)
  A polar bear (Lair:1)
  2 shadows
  19 yaks
  2 humans (D:9)
  2 steam dragons (D:8)
  3 wargs (D:11)
  Edmund (D:6)
  Menkaure (D:6)
  2 acid dragons
  5 water moccasins
  3 sky beasts
  2 black bears
  2 ogres
  4 orc warriors
  4 ice beasts (D:11)
  8 wolves
  3 centaurs
  2 lemures (D:6)
  A phantom (D:5)
  7 kobold brigands
  3 bullfrogs
  A gnoll sergeant (D:10)
  4 scorpions
  9 wights
  15 killer bees
  A howler monkey (D:4)
  5 jellies
  A hound (D:5)
  7 orc priests
  A gnoll bouda (D:7)
  3 iguanas
  11 orc wizards
  8 mummies (Ossuary)
  21 gnolls
  7 adders
  2 shadow imps (D:6)
  2 worms (D:3)
  3 dart slugs
  28 orcs
  8 bats
  5 endoplasms
  A giant cockroach (D:1)
  A gnoll zombie (Ossuary)
  9 goblins
  9 hobgoblins
  4 jackals (D:1)
  60 kobolds
  3 quokkas
  3 ball pythons
  5 frilled lizards
  4 hobgoblin zombies (Ossuary)
  2 kobold zombies (Ossuary)
  An orc zombie (Ossuary)
  7 rats
346 creatures vanquished.

Vanquished Creatures (others)
  A human (D:7)
  A fungus (Lair:1)
  5 plants
7 creatures vanquished.

Grand Total: 353 creatures vanquished

Notes
Turn   | Place    | Note
-------+----------+-------------------------------------------
     0 | D:1      | Iich the Hill Orc Fighter began the quest for the Orb.
     0 | D:1      | Reached XP level 1. HP: 19/19 MP: 1/1
    29 | D:1      | Reached skill level 3 in Axes
    32 | D:1      | Reached XP level 2. HP: 18/27 MP: 2/2
    94 | D:1      | Found a faded altar of an unknown god.
   235 | D:1      | Reached skill level 4 in Axes
   258 | D:1      | Reached XP level 3. HP: 24/33 MP: 3/3
  1144 | D:2      | Reached skill level 5 in Axes
  1144 | D:2      | Reached XP level 4. HP: 18/41 MP: 4/4
  1828 | D:3      | Reached XP level 5. HP: 21/47 MP: 5/5
  1979 | D:3      | Noticed a kobold brigand
  1988 | D:3      | Killed a kobold brigand
  1989 | D:3      | Reached skill level 5 in Fighting
  1989 | D:3      | Reached skill level 6 in Axes
  2165 | D:3      | Reached XP level 6. HP: 56/56 MP: 6/6
  2233 | D:3      | Reached skill level 7 in Axes
  2756 | D:3      | Reached XP level 7. HP: 58/63 MP: 7/7
  2770 | D:3      | Found a hide-covered altar of Uskayaw.
  2778 | D:3      | Reached skill level 8 in Axes
  2986 | D:3      | Found an opulent altar of Gozag.
  2997 | D:3      | Became a worshipper of Gozag Ym Sagoz the Greedy
  3189 | D:3      | Found a shimmering blue altar of Sif Muna.
  4276 | D:5      | Entered Level 5 of the Dungeon
  4347 | D:5      | Reached skill level 9 in Axes
  4363 | D:5      | Found a sand-covered staircase.
  4368 | Ossuary  | Entered an ossuary
  4849 | D:5      | Found a basalt altar of Yredelemnul.
  4906 | D:5      | Reached XP level 8. HP: 60/73 MP: 8/8
  5143 | D:5      | Reached skill level 10 in Axes
  5190 | D:5      | Found a staircase to the Ecumenical Temple.
  5510 | D:5      | Reached skill level 11 in Axes
  5626 | D:6      | Noticed Pikel
  5643 | D:6      | Killed Pikel
  5644 | D:6      | Reached skill level 12 in Axes
  5644 | D:6      | Reached XP level 9. HP: 56/82 MP: 9/9
  6462 | D:6      | Noticed Menkaure
  6466 | D:6      | Reached skill level 13 in Axes
  6475 | D:6      | Killed Menkaure
  6669 | D:6      | Noticed Edmund
  6684 | D:6      | Killed Edmund
  7101 | D:6      | Gained mutation: You have a pair of small horns on your
                  | head. [potion of mutation]
  7101 | D:6      | Gained mutation: You occasionally shout uncontrollably at
                  | your foes. [potion of mutation]
  7101 | D:6      | Gained mutation: You are agile. (Dex +4, Str/Int -1)
                  | [potion of mutation]
  7126 | D:7      | Noticed Joseph
  7154 | D:7      | Found Ycit's Antique Weapon Shoppe.
  7354 | D:7      | Reached skill level 14 in Axes
  7415 | D:7      | Found a bloodstained altar of Trog.
  7833 | D:7      | Reached skill level 10 in Fighting
  8180 | D:7      | Reached XP level 10. HP: 88/93 MP: 10/10
  8229 | D:7      | Found an ancient bone altar of Kikubaaqudgha.
  8424 | D:8      | Reached skill level 15 in Axes
  8657 | D:8      | Found a sacrificial altar of Ru.
  9321 | D:9      | Found an iron altar of Okawaru.
  9339 | D:9      | Reached skill level 16 in Axes
  9553 | D:9      | Found a shadowy altar of Dithmenos.
  9571 | D:9      | Found a sparkling altar of Nemelex Xobeh.
  9624 | D:9      | Found a broken altar of Ashenzari.
 10030 | D:9      | Found a white marble altar of Elyvilon.
 10500 | D:10     | Entered Level 10 of the Dungeon
 10590 | D:10     | Noticed a two-headed ogre
 10591 | D:10     | Noticed a two-headed ogre
 10599 | D:10     | Killed a two-headed ogre
 10600 | D:10     | Reached skill level 17 in Axes
 10600 | D:10     | Reached XP level 11. HP: 104/104 MP: 11/11
 10605 | D:10     | Killed a two-headed ogre
 10639 | D:10     | Noticed a two-headed ogre
 10656 | D:10     | Killed a two-headed ogre
 10975 | D:10     | Found a radiant altar of Vehumet.
 11053 | D:10     | Killed Joseph
 11054 | D:10     | Reached skill level 18 in Axes
 11832 | D:11     | Noticed a cyclops
 11858 | D:11     | Reached skill level 19 in Axes
 11867 | D:11     | Killed a cyclops
 11868 | D:11     | Found a staircase to the Lair.
 12258 | D:11     | Reached XP level 12. HP: 111/115 MP: 12/12
 12673 | D:11     | Found a staircase to the Orcish Mines.
 12972 | Lair:1   | Entered Level 1 of the Lair of Beasts
 12972 | Lair:1   | Noticed Urug
 12989 | Lair:1   | Reached skill level 20 in Axes
 12991 | Lair:1   | Killed Urug
 13390 | Lair:1   | Noticed Erica
 13418 | Lair:1   | Killed Erica
 13735 | Lair:1   | Noticed Maggie
 13737 | Lair:1   | Slain by a komodo dragon

Illustrated notes

Levels and vault maps discovered:
D:1:      lightli_molten_gateway, layout_rooms, basic_ecumenical_altar,
          chequers_decorated_corner
D:2:      layout_basic
D:3:      minmay_goblin_kobold_castle, layout_loops_ring,
          mainiacjoe_overflow_surrounded_room, mainiacjoe_overflow_catwalk,
          lemuel_crystal_altar
D:4:      layout_basic, serial_bayou_pond_e, serial_bayou_crossing
D:5:      minmay_diamond_boxcup, layout_basic, general_overflow_altar,
          minmay_temple_entry_enclosed_plants, enter_ossuary_5,
          kennysheep_doodads, feat_on_display
D:6:      layout_loops_ring, uniq_menkaure, uniq_edmund, uniq_pikel
D:7:      layout_basic, mainiacjoe_overflow_paths, tgw_kikubaaqudgha,
          serial_shops, shop_statue, uniq_joseph
D:8:      layout_rooms, amcnicky_altar_gilded, minivault_21, grunt_ministairs_8
D:9:      layout_gridville, nicolae_elyvilon_temple_path, okawaru_humans,
          marbit_many_paths, nemelex_xobeh_ov_fountains_minmay,
          ashenzari_altar_1
D:10:     layout_basic, nicolae_vehumet_altar_sigil
D:11:     layout_loops_ring, hellmonk_lair_entry_icy, david_orc_1_choice
Lair:1:   layout_cave_shapes, uniq_erica, uniq_urug, uniq_maggie

Skill      XL: |  1  2  3  4  5  6  7  8  9 10 11 12 |
---------------+-------------------------------------+-----
Axes           | 3 4 5 6 7 9 12 14 17 19 20 | 20.7
Fighting       | 4 5 6 7 8 10 11 13 14 | 14.2
Armour         | |  3.2
Shields        | |  3.2

Action                     |  1- 3 |  4- 6 |  7- 9 | 10-12 || total
---------------------------+-------+-------+-------+-------++-------
  Melee: War axe           |    98 |   134 |   352 |   503 ||  1087
         Headbutt          |       |       |    10 |   111 ||   121
 Invoke: Potion Petition   |       |       |       |     3 ||     3
  Evoke: Wand              |       |       |       |     7 ||     7
    Use: Scroll            |     3 |     2 |     8 |     7 ||    20
         Potion            |     1 |     2 |     2 |     8 ||    13
   Stab: Distracted        |       |       |     1 |     4 ||     5
         Invisible         |       |       |       |     3 ||     3
 Armour: Scale mail        |    57 |    51 |    33 |       ||   141
         Chain mail        |       |       |   106 |   213 ||   319
  Dodge: Dodged            |    48 |    62 |    91 |   120 ||   321
  Block: Buckler           |    24 |    37 |    82 |   132 ||   275

Table legend: (Time is in decaauts)
 A = Elapsed time spent in this place.
 B = Non-inter-level travel time spent in this place.
 C = Inter-level travel time spent in this place.
 D = Time resting spent in this place.
 E = Time spent auto-exploring this place.
 F = Levels seen in this place.
 G = Mean time per level.
                   A        B        C        D        E       F      G
               +--------+--------+--------+--------+--------+-----+--------+
         Total |  13717 |  13167 |    550 |    613 |  10386 |  13 | 1055.2 |
       Dungeon |  12900 |  12350 |    550 |    612 |   9800 |  11 | 1172.7 |
          Lair |    422 |    422 |      0 |      1 |    301 |   1 |  422.0 |
       Ossuary |    394 |    394 |      0 |      0 |    285 |   1 |  394.0 |
               +--------+--------+--------+--------+--------+-----+--------+

Top non-repeatable levels by time:
     D:3: 1720 daAuts
    D:11: 1705 daAuts
     D:6: 1473 daAuts
     D:7: 1281 daAuts
     D:2: 1124 daAuts
     D:9: 1082 daAuts
    D:10: 1075 daAuts
     D:8: 965 daAuts
     D:5: 954 daAuts
     D:4: 943 daAuts
     D:1: 574 daAuts
  Lair:1: 422 daAuts
 Ossuary: 394 daAuts
